 Dungeon Crawl Stone Soup version 0.18.1-48-g4cf74bf (webtiles) character file.

70 Krapule the Shield-Bearer (level 4, -3/37 HPs)
             Began as a Formicid Fighter on Aug 5, 2016.
             Killed from afar by an orc wizard (6 damage)
             ... with a magic dart
             ... on level 3 of the Dungeon.
             The game lasted 00:04:05 (1611 turns).

Krapule the Shield-Bearer (Formicid Fighter)        Turns: 1611, Time: 00:04:07

Health: -3/37      AC:  7    Str: 21    XL:     4   Next: 44%
Magic:  4/4        EV:  8    Int: 13    God:
Gold:   215        SH:  9    Dex: 10    Spells: 0 memorised, 3 levels left

rFire  . . .     SeeInvis +     a - +0 quarterstaff
rCold  . . .     Gourm    .     b - +0 scale mail
rNeg   . . .     Faith    .     c - +0 shield
rPois  .         Spirit   .     (helmet unavailable)
rElec  .         Dismiss  .     (no cloak)
rCorr  .         Reflect  .     (no gloves)
SustAt .         Harm     .     (no boots)
MR     .....                    (no amulet)
Stlth  ..........               (no ring)
                                p - +5 ring of intelligence

@: not resistant to hostile enchantments, extremely unstealthy
A: permanent stasis, dig shafts and tunnels, four strong arms, antennae 3
a: Dig, Shaft Self


You were on level 3 of the Dungeon.
You were not hungry.

You visited 1 branch of the dungeon, and saw 3 of its levels.

You collected 215 gold pieces.

Inventory:

Hand Weapons
 a - a +0 quarterstaff (weapon)
Armour
 b - a +0 scale mail (worn)
 c - a +0 shield (worn)
Jewellery
 p - a +5 ring of intelligence (left hand)
Scrolls
 e - 4 scrolls of identify {unknown}
 g - 3 scrolls of remove curse {unknown}
 h - a scroll of blinking {unknown}
 i - 3 scrolls of fear {unknown}
 m - a scroll of enchant weapon {unknown}
 n - a scroll of enchant armour {unknown}
 s - a scroll of random uselessness {unknown}
Potions
 d - 2 potions of might
 k - a potion of haste {unknown}
 l - a potion of cancellation {unknown}
 o - 2 potions of curing {unknown}
Comestibles
 f - 3 bread rations
 j - 2 beef jerkies
 q - a slice of pizza
 r - a meat ration


   Skills:
 + Level 3.7 Fighting
 + Level 2.6 Staves
 + Level 3.8 Armour
 + Level 1.2 Dodging
 + Level 4.1 Shields


You had 3 spell levels left.
You didn't know any spells.

Dungeon Overview and Level Annotations

Branches:
Dungeon (3/15)

Altars:


Innate Abilities, Weirdness & Mutations

You are under a permanent stasis effect.
You can dig through walls and to a lower floor.
Your four strong arms can wield two-handed weapons with a shield.
You have a pair of large antennae on your head (SInv).


Message History

Items here: )) [ † a dagger; a club; a ring mail; an orc corpse You closely miss the orc.
You block the orc's attack.
You hit the orc but do no damage. The orc hits you but does no damage.
The orc wizard casts a spell.
The orc wizard blinks!
You closely miss the orc. The orc hits you but does no damage.
You block the orc's attack.
You barely miss the orc. The orc barely misses you.
You hit the orc but do no damage.
The orc wizard hits you but does no damage.
The orc hits you.
* * * LOW HITPOINT WARNING * * *
You hit the orc wizard.
The orc wizard is almost dead.
The orc wizard mumbles some strange words.
The orc wizard blinks!
You block the orc's attack. The orc wizard casts a spell at you.
The magic dart hits you!
You die...

.............#
#............########
....................#
#................[..#
#...<..†............# ..#.
#...................# #.#.#
#...#...............#
....###.....###)).........#
....###...##§@o###########
#....#(#..[.###
#...#.###.######
#................ #
#................
.#####......o.........
...#...#..............
.......#..............
.#....##..............


You could see an orc wizard and an orc.

Vanquished Creatures
  2 adders (D:2)
  An ooze (D:2)
  2 giant geckos
  3 orcs (D:3)
  4 giant cockroaches
  7 goblins
  5 hobgoblins
  2 kobolds
  A quokka (D:3)
  7 bats
  4 giant newts (D:2)
  3 rats (D:2)
41 creatures vanquished.

Notes
Turn   | Place    | Note
--------------------------------------------------------------
     0 | D:1      | Krapule the Formicid Fighter began the quest for the Orb.
     0 | D:1      | Reached XP level 1. HP: 18/18 MP: 1/1
   210 | D:1      | Reached XP level 2. HP: 22/24 MP: 2/2
   766 | D:2      | Reached XP level 3. HP: 22/29 MP: 3/3
   832 | D:2      | Reached skill level 1 in Dodging
  1002 | D:2      | Reached XP level 4. HP: 37/37 MP: 4/4
  1106 | D:2      | Reached skill level 4 in Shields
  1611 | D:3      | Killed from afar by an orc wizard

Skill      XL: |  1  2  3  4 |
---------------+-------------+-----
Dodging        | 1 |  1.2
Shields        | 4 |  4.1
Fighting       | |  3.7
Staves         | |  2.6
Armour         | |  3.8

Action                   |  1- 3 |  4- 6 || total
-------------------------+-------+-------++-------
Melee: Quarterstaff      |    63 |    78 ||   141
  Eat: Chunk             |       |     2 ||     2
Armor: Scale mail        |    12 |    33 ||    45
Dodge: Dodged            |    16 |    26 ||    42
Block: Shield            |    29 |    63 ||    92
